 Dungeon Crawl Stone Soup version 0.30-a0-879-ga8ba668304 (webtiles) character file.

Game seed: 11782403767239914744

152 NinjaNoafa the Conjurer (level 5, -4/38 HPs)
             Began as a Draconian Conjurer on Mar 13, 2023.
             Slain by an iguana (13 damage)
             ... on level 3 of the Dungeon.
             The game lasted 00:03:23 (2531 turns).

NinjaNoafa the Conjurer (Draconian Conjurer)        Turns: 2531, Time: 00:03:24

Health: -4/38      AC:  5    Str: 10    XL:     5   Next: 11%
Magic:  12/19      EV: 12    Int: 20    God:
Gold:   131        SH:  0    Dex:  9    Spells: 8/11 levels left

rFire   . . .      SeeInvis .    a - +1 dagger (venom)
rCold   . . .      Faith    .    (no shield)
rNeg    . . .      Spirit   .    (body armour unavailable)
rPois   .          Reflect  .    (helmet restricted)
rElec   .          Rampage  .    (no cloak)
rCorr   .                        (no gloves)
Will    .....                    (no boots)
Stlth   ++                       (no amulet)
HPRegen 0.26/turn                i - ring of magical power
MPRegen 0.16/turn                d - ring of wizardry

@: no status effects
A: AC +5, unfitting armour, cold-blooded
a: no special abilities


You were on level 3 of the Dungeon.
You visited 1 branch of the dungeon, and saw 4 of its levels.

You collected 131 gold pieces.

Inventory:

Hand Weapons
 a - a +1 dagger of venom (weapon)
Missiles
 c - 3 boomerangs
 h - a throwing net
 m - 10 poisoned darts
 o - 4 javelins
Jewellery
 d - a ring of wizardry (right hand)
 i - a ring of magical power (left hand)
Scrolls
 b - a scroll of vulnerability {unknown}
 g - a scroll of identify
 j - 2 scrolls of immolation
 l - 3 scrolls of blinking
Potions
 e - 2 potions of heal wounds
 f - a potion of curing
 k - 3 potions of attraction
 n - 2 potions of magic


   Skills:
 - Level 1.7 Dodging
 - Level 1.7 Stealth
 + Level 3.7 Spellcasting
 + Level 5.3 Conjurations


You had 8 spell levels left.
You knew the following spells:

 Your Spells              Type           Power      Damage    Failure   Level
a - Magic Dart            Conj           100%       1d8       1%          1
b - Searing Ray           Conj           50%        2d6       1%          2

Your spell library contained the following spells:

 Spells                   Type           Power      Damage    Failure   Level
 Dazzling Flash           Conj/Hex       28%        N/A       5%          3
 Fulminant Prism          Conj/Hex       7%         3d7       17%         4
 Iskenderun's Mystic Bla  Conj/Tloc      14%        2d5       17%         4


Dungeon Overview and Level Annotations

Branches:
Dungeon (4/15)
 Temple: D:4-7

Altars:
Makhleb
The Shining One


Innate Abilities, Weirdness & Mutations

Your plain brown scales are hard. (AC +5)
You cannot fit into any form of body armour.
You are cold-blooded and may be slowed by cold attacks.


Message History

Casting: Searing Ray (safe; 1% risk of failure)
Confirm with . or Enter, or press ? or * to list all spells.
Aiming: Searing Ray (safe; 1% risk of failure)
Press: ? - help, Shift-Dir - straight line, f - scorpion
Aim: a scorpion (heavily wounded, 79% to hit)
The searing ray hits the scorpion.
The scorpion is severely wounded. (Press . to maintain the ray.)
The scorpion stings you. The scorpion stings you.
You are poisoned.
The scorpion poisons you!
You climb downwards.
You feel very sick. The iguana barely misses you.
There is a stone staircase leading up here.
Unknown command.
You feel sick. The scorpion stings you. The iguana bites you.
You climb upwards.
You feel sick.
There is a stone staircase leading down here.
You feel sick. The iguana bites you!
* * * LOW HITPOINT WARNING * * *
The scorpion closely misses you. The scorpion attacks as you move away!
The scorpion stings you.
* * * LOW HITPOINT WARNING * * *
You feel sick.
You feel sick.
You are no longer poisoned.
Casting: Searing Ray (safe; 1% risk of failure)
Confirm with . or Enter, or press ? or * to list all spells.
Aiming: Searing Ray (safe; 1% risk of failure)
Press: ? - help, Shift-Dir - straight line, f - iguana
Aim: an iguana (82% to hit)
The searing ray hits the iguana.
The iguana is lightly wounded.
The searing ray hits the scorpion.
The scorpion is severely wounded. (Press . to maintain the ray.)
The iguana bites you!
You die...

#.....#.#.#.#.......# ###
#######.#.#.#.#.#.#####.# ..#
#....##.#.#...#.#.# #.# ..#
#.##.##.#.#.###.#.# #.# ..#
#.#.....#.#.....#.# #.# ..#
#.#######.#.#####.# #.# ..##
#.........#.# #...# #.#
.).################.###.####
#.#
................@ls>.......#
#.#
##.###########.####.####.#.##
#.# #.# #.#............# #.#
#.# #.#.##.####.#### #.#
#.###########.#.##.# #.# #.#
#.............#.##.####.# #.#
###...##.^..#_#.........# #.#
#......)..#.####.###..# #.#
##........#..###.###..# #.#


You could see a scorpion and an iguana.

Vanquished Creatures
  A howler monkey (D:3)
  An orc wizard (D:3)
  3 gnolls (D:2)
  An adder (D:3)
  4 worms (D:3)
  A dart slug (D:1)
  2 orcs (D:3)
  An endoplasm (D:1)
  5 goblins
  A hobgoblin (D:1)
  A quokka (D:3)
  5 ball pythons
  7 bats
  A frilled lizard (D:3)
  4 kobolds
  4 rats
42 creatures vanquished.

Notes
Turn   | Place    | Note
-------+----------+-------------------------------------------
     0 | D:1      | NinjaNoafa the Draconian Conjurer began the quest for the
                  | Orb.
     0 | D:1      | Reached XP level 1. HP: 14/14 MP: 3/3
   289 | D:1      | Reached XP level 2. HP: 16/20 MP: 1/5
   296 | D:1      | Learned a level 2 spell: Searing Ray
  1120 | D:2      | Reached XP level 3. HP: 26/26 MP: 7/7
  1526 | D:3      | Found a faded altar of an unknown god.
  1600 | D:3      | Reached XP level 4. HP: 33/33 MP: 4/8
  1743 | D:3      | Found a glowing golden altar of the Shining One.
  1758 | D:3      | Reached skill level 5 in Conjurations
  2222 | D:3      | Reached XP level 5. HP: 32/38 MP: 10/10
  2515 | D:4      | Found a burning altar of Makhleb.
  2531 | D:3      | Slain by an iguana

Illustrated notes

Levels and vault maps discovered:
D:1:      minmay_arrival_diagonal_passages, layout_basic, st_stairs_12,
          minmay_pentomino_s2
D:2:      layout_loops_cross, nicolae_elevator_lobby_plus
D:3:      layout_basic, mainiacjoe_overflow_paths,
          hellmonk_ecumenical_altar_lost_god
D:4:      layout_loops_cross, bloody_makhleb, fedhas_ov_isle_minmay,
          serial_shops, shop, gammafunk_ghost_nasty_kobolds, uniq_edmund

Skill      XL: |  1  2  3  4 |
---------------+-------------+-----
Spellcasting   | 3 |  3.7
Conjurations   | 5 |  5.3
Dodging        | |  1.7
Stealth        | |  1.7

Action                     |  1- 3 |  4- 6 || total
---------------------------+-------+-------++-------
  Melee: Dagger            |    42 |     1 ||    43
         Tailslap          |     6 |     1 ||     7
   Cast: Magic Dart        |    36 |     8 ||    44
         Searing Ray       |     7 |     9 ||    16
    Use: Scroll            |       |     5 ||     5
 Armour: Skin              |    20 |     2 ||    22
  Dodge: Dodged            |    36 |    11 ||    47

Table legend: (Time is in decaauts)
 A = Elapsed time spent in this place.
 B = Non-inter-level travel time spent in this place.
 C = Inter-level travel time spent in this place.
 D = Time resting spent in this place.
 E = Time spent auto-exploring this place.
 F = Levels seen in this place.
 G = Mean time per level.
                   A        B        C        D        E       F      G
               +--------+--------+--------+--------+--------+-----+--------+
         Total |   2529 |   2450 |     79 |      0 |   1848 |   4 |  632.2 |
       Dungeon |   2529 |   2450 |     79 |      0 |   1848 |   4 |  632.2 |
               +--------+--------+--------+--------+--------+-----+--------+

Top non-repeatable levels by time:
     D:3: 1057 daAuts
     D:1: 749 daAuts
     D:2: 713 daAuts
     D:4: 9 daAuts
